 Dungeon Crawl Stone Soup version 0.31-a0-885-gbe960a18b5 (webtiles) character file.

Game seed: 8933988163836389146

2338 BinkBink the Chopper (level 9, -5/56 HPs)
             Began as a Gargoyle Fighter on Oct 16, 2023.
             Was a Believer of Qazlal.
             Slain by a two-headed ogre
             ... wielding a +0 dire flail
              (12 damage)
             ... on level 8 of the Dungeon.
             The game lasted 00:10:30 (6447 turns).

BinkBink the Chopper (Gargoyle Fighter)             Turns: 6447, Time: 00:10:31

Health: -5/56      AC: 17    Str: 24    XL:     9   Next: 43%
Magic:  9/9        EV:  8    Int:  9    God:    Qazlal [**....]
Gold:   443        SH:  7    Dex:  9    Spells: 8/8 levels left

rFire   + . .        a - +0 war axe
rCold   . . .        c - +0 buckler
rNeg    + . .        w - +0 chain mail
rPois   ∞            h - -1 helmet "Ezasate" {rF+}
rElec   +            (no cloak)
rCorr   .            (no gloves)
SInv    .            (no boots)
Will    ++...        o - amulet of the acrobat Stlth
                     e - ring of willpower
HPRegen 0.29/turn    j - ring of willpower
MPRegen 0.11/turn

%: acrobat
@: no status effects
A: sickness immunity, AC +6, negative energy resistance 1, electricity
resistance, torment resistance 1, petrification resistance
a: Renounce Religion, Upheaval


You were on level 8 of the Dungeon.
You worshipped Qazlal.
Qazlal was pleased with you.
You visited 2 branches of the dungeon, and saw 9 of its levels.

You collected 467 gold pieces.
You spent 24 gold pieces at shops.

Inventory:

Hand Weapons
 a - a +0 war axe (weapon)
Missiles
 x - 2 throwing nets
Armour
 b - a +0 scale mail
 c - a +0 buckler (worn)
 h - the -1 helmet "Ezasate" (worn) {rF+}
   (You acquired it on level 5 of the Dungeon)

   rF+:       It protects you from fire.
 n - a +0 plate armour
 w - a +0 chain mail (worn)
Jewellery
 e - a ring of willpower (left hand)
 j - a ring of willpower (right hand)
 o - an amulet of the acrobat (around neck)
 r - a +6 ring of intelligence
Wands
 s - a wand of mindburst (15)
 v - a wand of charming (9)
 y - a wand of polymorph (12)
Scrolls
 f - 2 scrolls of enchant armour
 g - a scroll of immolation
 i - a scroll of fog {unknown}
 k - a scroll of enchant weapon {unknown}
 l - a scroll of silence {unknown}
 m - a scroll of torment {unknown}
 p - 2 scrolls of identify
 u - a scroll of amnesia {unknown}
 z - a scroll of revelation {unknown}
Potions
 d - 2 potions of might
 q - 4 potions of curing
 t - a potion of lignification {unknown}


   Skills:
 + Level 6.8 Fighting
 * Level 7.3 Axes
 + Level 6.9 Armour
 + Level 6.8 Shields


You had 8 spell levels left.
You didn't know any spells.
Your spell library was empty.

Dungeon Overview and Level Annotations

Branches:
Dungeon (8/15)             Temple (1/1) D:4
   Lair: D:8-11

Altars:
Ashenzari
Cheibriados
Dithmenos
Elyvilon
Gozag
Hepliaklqana
Kikubaaqudgha
Makhleb
Nemelex Xobeh
Okawaru
Qazlal
Ru
Sif Muna
Uskayaw
Vehumet
Wu Jian
Xom
Yredelemnul
Zin
The Shining One

Shops:
D:2 ??!:?   D:5 :   D:7 (

Annotations:
D:2 2 transporters, 1 runed translucent door, Crazy Yiuf
D:7 3 runed translucent doors, Jeremiah; slavik159's ghost, novice MiMo


Innate Abilities, Weirdness & Mutations

You are immune to sickness and miasma.
Your stone body is resilient. (AC +6)
You are immune to poison.
You resist negative energy. (rN+)
You are resistant to electric shocks. (rElec)
You are resistant to unholy torment.
You are immune to petrification.


Message History

You hit the two-headed ogre but do no damage.
You slash the orc!
You kill the orc!
Qazlal accepts your kill. You block the centaur's attack.
The centaur barely misses you.
The two-headed ogre hits you with a +0 dire flail.
The two-headed ogre completely misses you.
You barely miss the centaur.
The centaur is moderately wounded.
You hit the two-headed ogre. The centaur closely misses you.
The centaur barely misses you. The centaur hits you.
You block the centaur's attack.
You hit the centaur.
The centaur is severely wounded.
You hit the two-headed ogre. The centaur closely misses you.
The centaur kicks you but does no damage.
The two-headed ogre hits you with a +0 dire flail!!
The two-headed ogre misses you.
Unknown command.
You barely miss the two-headed ogre.
The two-headed ogre is lightly wounded.
You barely miss the centaur.
The centaur hits you but does no damage.
The centaur barely misses you. You block the centaur's attack.
The centaur kicks you.
The two-headed ogre completely misses you.
The two-headed ogre hits you but does no damage.
You hit the two-headed ogre.
The two-headed ogre is moderately wounded.
You slash the centaur!
You kill the centaur!
Qazlal accepts your kill.
You can now call upon nature to destroy your foes.
The two-headed ogre hits you with a +0 dire flail!
The two-headed ogre hits you with a +0 giant club!
* * * LOW HITPOINT WARNING * * *
You hit the two-headed ogre.
The two-headed ogre is moderately wounded.
The two-headed ogre hits you with a +0 dire flail!
You die...

#<........#.#........
#.#.....#.#.#.#.###..
####.#.....#.#.# #.###..
............#.#.# #....<.
....#.#.....#.#.#.#######
.. #.#..#..#......
...#.#.........#.#
..<...>#○.........
.#.#O@..!.......
#.#.#.......... #
#.####....... #. .#.....
#. .#####. #. .# #. .# ..
..


You could see a two-headed ogre.

Vanquished Creatures
  Grinder (D:4)
  A wraith (D:5)
  Sigmund (D:2)
  A sky beast (D:4)
  4 ogres
  A centaur (D:8)
  2 bullfrogs
  4 scorpions
  2 howler monkeys
  5 hounds
  A jelly (D:5)
  2 orc priests (D:7)
  Jessica (D:2)
  A gnoll bouda (D:7)
  2 iguanas
  Natasha (thrice) (D:3)
  5 orc wizards
  Robin (D:3)
  13 gnolls
  2 adders (D:4)
  A shadow imp (D:5)
  A white imp (D:7)
  4 ufetubi
  2 worms
  A dart slug (D:5)
  23 orcs
  12 endoplasms
  4 giant cockroaches
  11 goblins
  9 hobgoblins
  6 jackals
  12 kobolds
  4 quokkas
  3 ball pythons
  9 bats
  4 frilled lizards
  8 rats
167 creatures vanquished.

Notes
Turn   | Place    | Note
-------+----------+-------------------------------------------
     0 | D:1      | BinkBink the Gargoyle Fighter began the quest for the Orb.
     0 | D:1      | Reached XP level 1. HP: 14/14 MP: 1/1
    89 | D:1      | Reached skill level 2 in Axes
   182 | D:1      | Reached XP level 2. HP: 19/19 MP: 2/2
   666 | D:1      | Reached XP level 3. HP: 23/23 MP: 3/3
   862 | D:2      | Found Afoaplymo's Magic Scroll Boutique.
   991 | D:2      | Noticed Sigmund
  1088 | D:2      | Noticed Jessica
  1151 | D:2      | Killed Jessica
  1152 | D:2      | Reached XP level 4. HP: 23/29 MP: 4/4
  1256 | D:2      | Killed Sigmund
  1257 | D:2      | Reached skill level 3 in Axes
  1257 | D:2      | Reached XP level 5. HP: 30/33 MP: 5/5
  1257 | D:2      | Reached XP level 6. HP: 35/38 MP: 6/6
  1292 | D:2      | Found Osecugh's Book Shop.
  1326 | D:2      | Found a transporter.
  1328 | D:2      | Found Bolimp's Distillery.
  1439 | D:2      | Found a transporter.
  1551 | D:2      | Found Wegot's Magic Scroll Shoppe.
  1564 | D:2      | Found a sacrificial altar of Ru.
  1597 | D:2      | Found Kogil's Magic Scroll Boutique.
  1694 | D:2      | Found a runed translucent door.
  1695 | D:2      | Noticed Crazy Yiuf
  1759 | D:2      | Bought a scroll of identify for 24 gold pieces
  1853 | D:3      | Noticed Natasha
  1861 | D:3      | Killed Natasha
  1960 | D:3      | Noticed Natasha
  1976 | D:3      | Killed Natasha
  1977 | D:3      | Reached skill level 4 in Axes
  2206 | D:3      | Noticed Robin
  2215 | D:3      | Killed Robin
  2221 | D:3      | Noticed Natasha
  2228 | D:3      | Killed Natasha
  2640 | D:4      | Noticed a sky beast
  2677 | D:4      | Killed a sky beast
  2678 | D:4      | Reached XP level 7. HP: 10/44 MP: 7/7
  3040 | D:4      | Noticed Grinder
  3047 | D:4      | Paralysed by Grinder for 5 turns
  3058 | D:4      | Killed Grinder
  3059 | D:4      | Reached skill level 5 in Fighting
  3059 | D:4      | Reached skill level 5 in Axes
  3059 | D:4      | Reached skill level 5 in Armour
  3059 | D:4      | Reached skill level 5 in Shields
  3283 | D:4      | Reached XP level 8. HP: 48/49 MP: 8/8
  3383 | D:4      | Found a staircase to the Ecumenical Temple.
  3394 | Temple   | Entered the Ecumenical Temple
  3406 | Temple   | Became a worshipper of Qazlal Stormbringer
  3562 | D:4      | Found a sacrificial altar of Ru.
  3815 | D:4      | Found a glowing silver altar of Zin.
  3950 | D:5      | Entered Level 5 of the Dungeon
  4004 | D:5      | Found Ciqi's Book Boutique.
  4048 | D:5      | Noticed a wraith
  4068 | D:5      | HP: 2/50 [wraith (5)]
  4069 | D:5      | Identified a scroll of acquirement
  4069 | D:5      | Acquired the -1 helmet "Ezasate" {rF+}
  4084 | D:5      | Killed a wraith
  4228 | D:5      | Reached skill level 6 in Axes
  4415 | D:5      | Found a radiant altar of Vehumet.
  4575 | D:5      | Found a white marble altar of Elyvilon.
  4975 | D:6      | Reached XP level 9. HP: 50/55 MP: 9/9
  5033 | D:6      | Reached * piety under Qazlal
  5361 | D:7      | Noticed a +0 hand axe
  5361 | D:7      | Noticed a +0 dagger
  5361 | D:7      | Found a hide-covered altar of Uskayaw.
  5398 | D:7      | Found a runed translucent gate.
  5424 | D:7      | Found a runed translucent gate.
  5424 | D:7      | Found a runed translucent gate.
  5425 | D:7      | Found an opulent altar of Gozag.
  5427 | D:7      | Noticed slavik159's ghost (novice MiMo)
  5428 | D:7      | Noticed a manticore
  5432 | D:7      | Found a basalt altar of Yredelemnul.
  5449 | D:7      | Reached skill level 7 in Axes
  5576 | D:7      | Found an iron altar of Okawaru.
  5602 | D:7      | Found Wulogo's Weapon Emporium.
  5753 | D:7      | Found an opulent altar of Gozag.
  6268 | D:7      | Noticed Jeremiah
  6436 | D:8      | Noticed a two-headed ogre
  6446 | D:8      | Reached ** piety under Qazlal
  6447 | D:8      | Slain by a two-headed ogre

Illustrated notes

Levels and vault maps discovered:
D:1:      saegor_arrival_simple_e, layout_rooms, serial_co_window_serial,
          co_window_corner_a, co_window_of_opportunity_a, co_window_corner_a,
          co_window_of_opportunity_a, co_window_corner_a, co_window_2corner,
          co_window_2corner, co_window_paths_c, co_window_2corner,
          co_window_2corner, co_window_corner_b, glass_columns_a,
          glass_columns_c, glass_columns_a, glass_columns_b, glass_columns_a,
          minmay_misc_feat_enclosed
D:2:      layout_rooms, serial_shops, nicolae_shop_pleasant_corner_grove,
          nicolae_shop_real_fake_doors, nicolae_shop_drivethru, shop,
          nicolae_book_shop_shelving, basic_altar, minmay_bisected,
          uniq_sigmund, uniq_jessica, uniq_crazy_yiuf_cottage
D:3:      layout_loops_cross, uniq_natasha, uniq_robin
D:4:      layout_layer_cave, hangedman_ru_absence, zin_academy,
          minmay_temple_entry_enclosed_plants, uniq_grinder
D:5:      layout_rooms, mainiacjoe_overflow_concentric_impassable,
          elyvilon_altar_1, serial_shops, nicolae_shop_window_shopping
D:6:      layout_basic
D:7:      layout_basic, okawaru_altar_gauntlet_db, dancing_weapons_uskayaw,
          yredelemnul_altar_generic, grunt_gozag_statues, ebering_ghost_gozag,
          serial_shops, shop, serial_park_tiny_2, uniq_jeremiah
D:8:      layout_basic, trog_hazing_becter, fedhas_altar_2
Temple:   nicolae_temple_bog_church

Skill      XL: |  1  2  3  4  5  6  7  8  9 |
---------------+----------------------------+-----
Axes           | 2 3 4 5 6 7 |  7.3
Fighting       | 4 5 6 |  6.8
Armour         | 4 5 6 |  6.9
Shields        | 4 5 6 |  6.8

Action                     |  1- 3 |  4- 6 |  7- 9 || total
---------------------------+-------+-------+-------++-------
  Melee: War axe           |    88 |   150 |   351 ||   589
    Use: Scroll            |       |     4 |     4 ||     8
         Potion            |       |       |     5 ||     5
 Armour: Scale mail        |   100 |   130 |   173 ||   403
         Chain mail        |       |       |   118 ||   118
  Dodge: Dodged            |    56 |    63 |   168 ||   287
  Block: Buckler           |    29 |    25 |   102 ||   156

Table legend: (Time is in decaauts)
 A = Elapsed time spent in this place.
 B = Non-inter-level travel time spent in this place.
 C = Inter-level travel time spent in this place.
 D = Time resting spent in this place.
 E = Time spent auto-exploring this place.
 F = Levels seen in this place.
 G = Mean time per level.
                   A        B        C        D        E       F      G
               +--------+--------+--------+--------+--------+-----+--------+
         Total |   6642 |   6418 |    224 |    565 |   4443 |   9 |  738.0 |
       Dungeon |   6617 |   6416 |    201 |    565 |   4443 |   8 |  827.1 |
        Temple |     24 |      1 |     23 |      0 |      0 |   1 |   24.0 |
               +--------+--------+--------+--------+--------+-----+--------+

Top non-repeatable levels by time:
     D:4: 1388 daAuts
     D:7: 1034 daAuts
     D:1: 1009 daAuts
     D:5: 828 daAuts
     D:2: 815 daAuts
     D:3: 814 daAuts
     D:6: 653 daAuts
     D:8: 72 daAuts
  Temple: 24 daAuts
